AoeStats
← 88mirko88

MegaRandom

506511616Analyzed
1v1 RM · 18d ago on Sep 13, 2026· 31m 35s· 2 players
Game mode
Random Map
Map size
Tiny (2 player)
Population
200
Speed
Normal
Resources
Standard
Victory
Conquest
Starting age
Dark Age
Ending age
Imperial Age
RankedLock teamsTeams togetherTeam positionsShared explorationLock speedFull tech treeHidden civsTurbo modeCheats
Victory
Defeat
🇺🇸 Burgundians · United States
452
+12
🇮🇹 Maya · Italy
357
-12
88mirko88
1:00 Loom
10:34 Feudal Age
12:06 Wheelbarrow
11:23 Double-Bit Axe
11:23 Horse Collar
11:36 Town Watch
31:53 Castle Age
31:23 Forging
starttherevolution
8:50 Loom
12:26 Feudal Age
13:10 Feudal Age
12:57 Loom
16:23 Double-Bit Axe
16:22 Horse Collar
23:03 Castle Age
25:36 Scale Barding Armor
25:42 Forging
25:39 Husbandry
25:00 Cavalier
27:10 Chain Barding Armor
27:12 Bow Saw
27:05 Heavy Plow
Connection lost

Rejoining the realm…

Still unreachable

The connection could not be restored.

Session expired

The server has moved on; the page needs a fresh start.